 Dungeon Crawl Stone Soup version 0.24.0-13-gcf9b319 (webtiles) character file.

Game seed: 15529200616334425260, levelgen mode: deterministic

343 Balder the Shield-Bearer (level 6, -2/38 HPs)
             Began as a Gargoyle Fighter on Dec 6, 2019.
             Killed from afar by an orc wizard (9 damage)
             ... with a puff of flame
             ... on level 3 of the Dungeon on Dec 10, 2019.
             The game lasted 00:11:51 (3066 turns).

Balder the Shield-Bearer (Gargoyle Fighter)         Turns: 3066, Time: 00:11:51

Health: -2/38      AC: 13    Str: 24    XL:     6   Next: 57%
Magic:  6/6        EV: 11    Int:  9    God:
Gold:   96         SH: 11    Dex: 16    Spells: 5/5 levels left

rFire    . . .     SeeInvis .   a - +0 flail
rCold    . . .     Gourm    .   c - +0 shield
rNeg     + . .     Faith    .   B - +0 chain mail
rPois    ∞         Spirit   .   (no helmet)
rElec    +         Reflect  .   (no cloak)
rCorr    .         Harm     .   (no gloves)
MR       .....                  (no boots)
Stlth    ..........             (no amulet)
HPRegen  0.12/turn              (no ring)
MPRegen  0.10/turn              (no ring)

@: mighty, agile
A: negative energy resistance 1, electricity resistance, unbreathing,
petrification resistance, rot immunity, AC +4
a: no special abilities


You were on level 3 of the Dungeon.
You were not hungry.

You visited 1 branch of the dungeon, and saw 4 of its levels.
You also visited: Sewer.

You collected 96 gold pieces.

Inventory:

Hand Weapons
 a - a +0 flail (weapon)
 r - a +1 dagger of venom
 u - a +0 hand crossbow
Missiles
 d - 36 poisoned darts (quivered)
 v - 19 bolts
Armour
 c - a +0 shield (worn)
 B - a +0 chain mail (worn)
Jewellery
 i - an uncursed ring of ice {unknown}
Wands
 y - a wand of polymorph (7)
Scrolls
 j - 2 scrolls of magic mapping {unknown}
 m - 3 scrolls of blinking {unknown}
 n - a scroll of teleportation {unknown}
 o - a scroll of random uselessness {unknown}
 p - 4 scrolls of identify {unknown}
 t - a scroll of fear {unknown}
 w - a scroll of remove curse {unknown}
 A - a scroll of fog {unknown}
Potions
 e - 6 potions of curing {unknown}
 g - a potion of brilliance {unknown}
 h - a potion of lignification {unknown}
 k - a potion of magic {unknown}
 l - 3 potions of degeneration {unknown}
 q - 4 potions of agility
 s - a potion of might
 x - 2 potions of heal wounds {unknown}
Comestibles
 f - 4 rations


   Skills:
 * Level 4.3 Fighting
 * Level 3.9 Maces & Flails
 * Level 4.1 Armour
 + Level 0.5 Dodging
 * Level 2.3 Stealth
 * Level 5.0 Shields


You had 5 spell levels left.
You didn't know any spells.
Your spell library was empty.

Dungeon Overview and Level Annotations

Branches:
Dungeon (4/15)              Sewer (visited)
 Temple: D:4-7

Altars:
Trog
Vehumet

Shops:
D:4 *


Innate Abilities, Weirdness & Mutations

You are resistant to torment.
Your stone body is resilient. (AC +4)
You are immune to poison.
You resist negative energy. (rN+)
You are resistant to electric shocks. (rElec)
You can survive without breathing.
You are immune to petrification.
You are immune to rotting.


Message History

* * * LOW HITPOINT WARNING * * *
The orc barely misses you. The orc closely misses you.
The orc wizard hits you but does no damage. x2
All of the chunks of flesh in your inventory have rotted away.
You sock the orc wizard!
You kill the orc wizard!
Your Shields skill increases to level 5!
The orc hits you with a +0 club.
* * * LOW HITPOINT WARNING * * *
You block the orc's attack. You block the orc wizard's attack.
You hit the orc.
The orc is severely wounded.
The orc hits you but does no damage. You block the orc's attack.
The orc wizard gestures at you while chanting.
The puff of flame hits you but does no damage.
Your shield prevents you from hitting the orc wizard.
The orc hits you but does no damage. You block the orc's attack.
The orc wizard casts a spell at you. The puff of flame hits you!
You die...

####'###.# #......#.#
#......#.# ##### #......#.#
#...####
####.###.###############...#>..
#...........................
##..##.#####.##.##########...
#..........oo##.#############
##........##@)...............
#........##o################
#......####.# #......# #.#
#......####.# #...........#
#.(......#### #.....##.# ###
#.....##.###.# ###


You could see an orc wizard and 2 orcs.

Vanquished Creatures
  A big kobold (Sewer)
  A hound (D:3)
  2 orc wizards (D:3)
  4 adders
  4 river rats (Sewer)
  2 oozes
  3 worms
  7 orcs (D:3)
  6 ball pythons
  4 giant cockroaches
  5 goblins
  6 hobgoblins
  7 jackals
  A quokka (D:3)
  7 bats
  5 frilled lizards
  19 kobolds
  26 rats
110 creatures vanquished.

Notes
Turn   | Place    | Note
-------+----------+-------------------------------------------
     0 | D:1      | Balder the Gargoyle Fighter began the quest for the Orb.
     0 | D:1      | Reached XP level 1. HP: 14/14 MP: 1/1
   223 | D:1      | Reached XP level 2. HP: 19/19 MP: 2/2
   839 | D:2      | You fall into a shaft and drop 2 floors!
   840 | D:4      | Noticed a phantom
   898 | D:3      | Reached XP level 3. HP: 24/24 MP: 3/3
   910 | D:3      | Found a radiant altar of Vehumet.
   923 | D:3      | Reached skill level 1 in Stealth
   923 | D:3      | Reached XP level 4. HP: 28/29 MP: 4/4
   927 | D:3      | Reached skill level 4 in Shields
  1214 | D:3      | Found a glowing drain.
  1219 | Sewer    | Entered a sewer
  1356 | Sewer    | Reached XP level 5. HP: 17/33 MP: 5/5
  1848 | Sewer    | Noticed a big kobold
  1858 | Sewer    | Killed a big kobold
  1858 | Sewer    | Reached XP level 6. HP: 30/38 MP: 6/6
  2594 | D:2      | Found a bloodstained altar of Trog.
  3043 | D:4      | Found Tairr's Assorted Antiques.
  3064 | D:3      | Reached skill level 5 in Shields
  3066 | D:3      | Killed from afar by an orc wizard

Levels and vault maps discovered:
D:1:      matt_arrival_spirals, layout_loops_ring
D:2:      layout_rooms, bloody_trog
D:3:      layout_basic, vehumet_crystals, portal_sewer_entry_e
D:4:      layout_cave_pools, kennysheep_little_box, lemuel_doored_altar,
          first_ration, serial_shops, shop

Skill      XL: |  1  2  3  4  5  6 |
---------------+-------------------+-----
Stealth        | 1 2 |  2.3
Shields        | 4 5 |  5.0
Fighting       | 4 |  4.3
Maces & Flails | 3 |  3.9
Armour         | 4 |  4.1
Dodging        | |  0.5

Action                   |  1- 3 |  4- 6 || total
-------------------------+-------+-------++-------
Melee: Flail             |   104 |   294 ||   398
Throw: Dart              |       |     2 ||     2
  Use: Potion            |       |     3 ||     3
  Eat: Chunk             |       |     8 ||     8
Armor: Scale mail        |    55 |   168 ||   223
       Chain mail        |       |    45 ||    45
Dodge: Dodged            |    36 |   114 ||   150
Block: Shield            |    61 |   186 ||   247
